 Adventure DCSS version bcrawl-1.19-7-g22fd707d3b (webtiles) character file.

Game seed: 7536939128120008439

289 Leeroy the Carver (level 6, -11/37 HPs)
             Began as a Skeleton Reaver on Nov 16, 2019.
             Was a Believer of Vehumet.
             Mangled by a brown ugly thing (13 damage)
             ... on level 6 of the Dungeon.
             The game lasted 00:14:59 (6833 turns).

Leeroy the Carver (Skeleton Reaver)                 Turns: 6833, Time: 00:14:59

Health: -11/37     AC: -2    Str: 17 (19) XL:     6   Next: 9%
Magic:  0/19       EV: 13    Int: 11 (12) God:    Vehumet [**....]
Gold:   91         SH:  1    Dex:  9      Spells: 0/11 levels left
                                        Lives:  0   Deaths: 2

rFire    + . .     SeeInvis .   n - +0 scimitar
rCold    + . .     Gourm    .   (no shield)
rNeg     + + +     Faith    .   b - +1 steam dragon scales
rPois    ∞         Spirit   +   (no helmet)
rElec    .         Reflect  .   i - scarf {cloud immunity}
rCorr    .         Harm     .   (no gloves)
MR       .....                  (no boots)
Stlth    +++.......             (no amulet)
HPRegen  0.12/turn              w - ring of protection from fire
MPRegen  0.16/turn              u - ring of magical power

@: corroded, very slightly contaminated
A: no food or potions, cold resistance 1, deterioration 1, negative energy
resistance 3, powered by death 1, torment resistance, unbreathing, magic shield,
sturdy frame 1, spell healing
a: Renounce Religion


You were on level 6 of the Dungeon.
You worshipped Vehumet.
Vehumet was pleased with you.
You were not hungry.

You visited 1 branch of the dungeon, and saw 7 of its levels.

You collected 391 gold pieces.
You spent 300 gold pieces at shops.

Inventory:

Hand Weapons
 a - a +0 long sword
 m - a +0 long sword
 n - a +0 scimitar (weapon)
 p - a +0 long sword
Missiles
 l - 1903 stones (quivered)
 t - 42 javelins
 v - 77 poisoned needles
Armour
 b - +1 steam dragon scales (worn)
 g - a +1 ring mail of positive energy
 i - a scarf of cloud immunity (worn)
Magical Staves
 r - a cursed staff of air
Jewellery
 o - an uncursed ring of poison resistance
 u - a ring of magical power (right hand)
 w - a ring of protection from fire (left hand)
Wands
 q - a wand of paralysis (8)
Scrolls
 c - 2 scrolls of immolation
 d - a scroll of blinking
 e - a scroll of enchant weapon
 f - 2 scrolls of noise
 h - 4 scrolls of enchant armour
 j - a scroll of amnesia
 k - 3 scrolls of remove curse
 s - 2 scrolls of identify


   Skills:
 - Level 3.0 Fighting
 - Level 9.2 Long Blades
 + Level 4.0 Dodging
 - Level 6.5 Stealth
 - Level 3.2 Spellcasting


You couldn't memorise any spells.
You knew the following spells:

 Your Spells              Type           Power        Failure   Level  Hunger
a - Shock                 Conj/Air       #....        7%          1    N/A
b - Searing Ray           Conj           #.....       11%         2    N/A
c - Iskenderun's Battles  Conj/Chrm      #.......     85%         5    N/A
d - Mephitic Cloud        Conj/Pois/Air  #.......     21%         3    N/A

Your spell library contained the following spells:

 Spells                   Type           Power        Failure   Level  Hunger
 Magic Dart               Conj           #...         7%          1    N/A
 Conjure Flame            Conj/Fire      #.......     21%         3    N/A
 Blink                    Tloc           N/A          36%         2    N/A
 Call Imp                 Summ           #.....       36%         2    N/A
 Spider Form              Tmut/Pois      Unusable     N/A         3    N/A

Dungeon Overview and Level Annotations

Branches:
Dungeon (7/12)             Temple (0/1) D:6
   Lair: D:7-9

Altars:
Cheibriados
Gozag
Hepliaklqana
Lugonu
Qazlal
Sif Muna
Trog

Shops:
D:4 =(   D:6 =

Annotations:
D:3 3 runed translucent doors, dscm's ghost, weakling DsAc
D:6 3 runed translucent doors, Lanoc's ghost, novice AvAE; MisterOstroum's ghost, novice BaWr
D:7 Menkaure


Innate Abilities, Weirdness & Mutations

You do not eat or drink.
You are immune to poison.
Your flesh is cold resistant. (rC+)
Your body sometimes deteriorates upon taking damage.
You are immune to negative energy. (rN+++)
You regenerate a little health from kills.
You are immune to unholy pain and torment.
You can survive without breathing.
When hurt, damage is shared between your health and your magic reserves.
Your movements are slightly less encumbered by armour. (ER -2)
Casting spells heals you.


Message History

The brown ugly thing claws you but does no damage.
You closely miss the brown ugly thing.
The brown ugly thing is severely wounded.
The brown ugly thing claws you.
Your body deteriorates!
You feel weakened. The acid corrodes you!
You are splashed with acid.
Your body deteriorates!
You feel dopey.
You slash the brown ugly thing!
The brown ugly thing is almost dead.
The brown ugly thing claws you.
You are splashed with acid.
You closely miss the brown ugly thing.
The brown ugly thing is almost dead.
The brown ugly thing claws you!
* * * LOW HITPOINT WARNING * * *
The acid corrodes you!
You are splashed with acid.
* * * LOW HITPOINT WARNING * * *
Your body deteriorates!
You feel weakened.
There is an open door here.
The brown ugly thing claws you!
You die...

#############.........###..# #..
#.........# ##.## #..
#.........## #..# #..
#.###......####.###..
#...'......'......'..
#################......#####.##..
................'......'.....#...
####..........###......####......
.....#.#......'u@......'.........
..####.#......###......##.#.#....
#.# #.######## #......##.#.##...
#.# #.# #......##.#.##... #.#
##.## #......##.#...... #.# #...#
####......##.#####.. #.# #.#.#
#..........#.# ##. #.###.#.##
#..........#.# #. ..##..#..#
#..........#+#######


You could see a brown ugly thing.

Vanquished Creatures
  An ice beast (D:6)
  A sky beast (D:5)
  A phantom (D:5)
  2 ogres
  A bullfrog (D:5)
  A howler monkey (D:5)
  2 centaur zombies (D:5)
  A jelly (D:6)
  2 orc priests
  2 hounds (D:6)
  2 bullfrog skeletons (D:5)
  An iguana (D:2)
  An orc wizard (D:3)
  A worker ant (D:4)
  A hound skeleton (D:5)
  8 adders
  A shadow imp (D:6)
  2 oozes
  An adder skeleton (D:5)
  2 worms
  2 dart slugs
  4 leopard geckos
  13 orcs
  A ball python (D:1)
  5 bats
  A giant cockroach (D:4)
  6 goblins
  11 hobgoblins
  3 kobolds
  4 quokkas
  3 frilled lizards
  3 rats
90 creatures vanquished.

Vanquished Creatures (others)
  4 withered plants (D:6)
4 creatures vanquished.

Grand Total: 94 creatures vanquished

Notes
Turn   | Place    | Note
-------+----------+-------------------------------------------
     0 | D:1      | Leeroy the Skeleton Reaver began the quest for the Orb.
     0 | D:1      | Reached XP level 1. HP: 14/14 MP: 4/4
    46 | D:1      | Reached skill level 4 in Long Blades
   121 | D:1      | Reached XP level 2. HP: 18/19 MP: 6/6
   629 | D:2      | Reached skill level 5 in Long Blades
   633 | D:2      | Reached XP level 3. HP: 19/23 MP: 5/7
   799 | D:2      | Reached skill level 6 in Long Blades
   799 | D:2      | Reached XP level 4. HP: 21/28 MP: 4/8
   804 | D:2      | Reached * piety under Vehumet
   804 | D:2      | Offered knowledge of Shock by Vehumet.
   807 | D:2      | Learned a level 1 spell: Shock
  2010 | D:3      | Reached skill level 7 in Long Blades
  2010 | D:3      | Reached XP level 5. HP: 28/32 MP: 6/9
  2037 | D:3      | Found a shimmering blue altar of Sif Muna.
  2121 | D:3      | Found a corrupted altar of Lugonu.
  2122 | D:3      | Found a stormy altar of Qazlal.
  2340 | D:3      | Noticed an ogre
  2883 | D:3      | Found a runed translucent gate.
  2883 | D:3      | Found a runed translucent gate.
  2883 | D:3      | Found a runed translucent gate.
  2884 | D:3      | Noticed dscm's ghost (weakling DsAc)
  3015 | D:3      | Killed an ogre
  3015 | D:3      | Reached skill level 8 in Long Blades
  3015 | D:3      | Gained mutation: You regenerate a little health from kills.
                  | [Skeleton growth]
  3015 | D:3      | Reached XP level 6. HP: 37/37 MP: 4/10
  3349 | D:4      | Found a snail-covered altar of Cheibriados.
  3376 | D:4      | Reached ** piety under Vehumet
  3381 | D:4      | Offered knowledge of Searing Ray by Vehumet.
  3385 | D:4      | Learned a level 2 spell: Searing Ray
  3412 | D:4      | Found Qilunant's Jewellery Boutique.
  3564 | D:4      | Found Roafais's Antique Weapon Shoppe.
  3583 | D:4      | Found a hazy altar of Hepliaklqana.
  4138 | D:5      | Entered Level 5 of the Dungeon
  4157 | D:5      | Noticed a troll
  4578 | D:4      | Learned a level 5 spell: Iskenderun's Battlesphere
  4970 | D:5      | Reached skill level 9 in Long Blades
  4983 | D:5      | Reached XP level 7. HP: 8/41 MP: 4/11
  5264 | D:5      | Reached skill level 1 in Stealth
  5575 | D:5      | Reached skill level 5 in Stealth
  5870 | D:6      | Reached XP level 8. HP: 19/46 MP: 6/12
  6119 | D:6      | Found a staircase to the Ecumenical Temple.
  6169 | D:6      | Learned a level 3 spell: Mephitic Cloud
  6242 | D:6      | Found a runed translucent gate.
  6242 | D:6      | Found a runed translucent gate.
  6242 | D:6      | Found a runed translucent gate.
  6242 | D:6      | Noticed MisterOstroum's ghost (novice BaWr)
  6242 | D:6      | Noticed Lanoc's ghost (novice AvAE)
  6361 | D:6      | Found a bloodstained altar of Trog.
  6394 | D:6      | HP: 2/46 [centaur warrior zombie (2)]
  6403 | D:6      | HP: 2/46 [centaur warrior zombie (1)]
  6404 | D:6      | Slain by a centaur warrior zombie
  6405 | D:6      | Reached XP level 7. HP: -2/41 MP: 0/11
  6467 | D:6      | Noticed a cyan ugly thing
  6539 | D:7      | Found an opulent altar of Gozag.
  6544 | D:7      | Noticed Menkaure
  6628 | D:6      | Found Inagefu's Jewellery Boutique.
  6639 | D:6      | Bought an uncursed ring of magical power for 300 gold
                  | pieces
  6780 | D:6      | Slain by a brown ugly thing
  6781 | D:6      | Reached XP level 6. HP: -2/37 MP: 0/19
  6833 | D:6      | Mangled by a brown ugly thing

Skill      XL: |  1  2  3  4  5  6  7 |
---------------+----------------------+-----
Long Blades    | 4 5 6 7 8 9 |  9.2
Dodging        | 4 |  4.0
Stealth        | 6 |  6.5
Fighting       | |  3.0
Spellcasting   | |  3.2

Action                   |  1- 3 |  4- 6 |  7- 9 || total
-------------------------+-------+-------+-------++-------
Melee: Long sword        |    75 |    99 |       ||   174
       Scimitar          |       |   141 |   129 ||   270
 Cast: Shock             |       |     9 |     3 ||    12
       Mephitic Cloud    |       |     1 |     3 ||     4
       Searing Ray       |       |       |     1 ||     1
  Use: Scroll            |       |     8 |     4 ||    12
 Stab: Sleeping          |       |       |     1 ||     1
Armor: Steam dragon scal |    24 |   101 |    45 ||   170
Dodge: Dodged            |    46 |   171 |    88 ||   305
Block: Other             |       |     7 |     6 ||    13
